 Dungeon Crawl Stone Soup version 0.31.0 (webtiles) character file.

Game seed: 7284368523018169211

899 qw the Skirmisher (level 8, -2/48 HPs)
             Began as a Gargoyle Hunter on Jan 19, 2024.
             Slain by an orc warrior
             ... wielding a +0 halberd
              (11 damage)
             ... on level 5 of the Dungeon.
             The game lasted 00:00:20 (3536 turns).

qw the Skirmisher (Gargoyle Hunter)                 Turns: 3536, Time: 00:00:20

Health: -2/48      AC: 15    Str: 13    XL:     8   Next: 7%
Magic:  8/8        EV: 12    Int: 13    God:
Gold:   171        SH:  0    Dex: 18    Spells: 7/7 levels left

rFire   + . .        a - +1 shortbow
rCold   + . .        (shield currently unavailable)
rNeg    + + .        e - +2 ring mail "Guku" {Fly rN+}
rPois   inf          (no helmet)
rElec   +            g - scarf {rC+ rF+}
rCorr   .            (no gloves)
SInv    .            (no boots)
Will    .....        b - amulet of faith
Stlth   +            (no ring)
HPRegen 0.28/turn    (no ring)
MPRegen 0.11/turn

%: faith
@: flying
A: sickness immunity, AC +5, negative energy resistance 1, electricity
resistance, torment resistance 1, petrification resistance, iridescent scales 1,
agile 1, clever 1, shaggy fur 1
a: no special abilities


You were on level 5 of the Dungeon.
You visited 1 branch of the dungeon, and saw 5 of its levels.

You collected 171 gold pieces.


Innate Abilities, Weirdness & Mutations

You are immune to sickness and miasma.
Your stone body is resilient. (AC +5)
You are immune to poison.
You resist negative energy. (rN+)
You are resistant to electric shocks. (rElec)
You are resistant to unholy torment.
You are immune to petrification.
You are partially covered in iridescent scales. (AC +2)
You are agile. (Dex +4, Str/Int -1)
Your mind is acute. (Int +4, Str/Dex -1)
You are covered in fur. (AC +1)


   Skills:
 + Level 4.2 Fighting
 - Level 8.2 Ranged Weapons
 - Level 1.3 Armour
 - Level 3.4 Dodging
 - Level 1.1 Stealth


You had 7 spell levels left.
You didn't know any spells.
Your spell library was empty.

Inventory:

Hand Weapons
 a - a +1 shortbow (weapon)
Armour
 d - a +0 cloak
 e - the +2 ring mail "Guku" (worn) {Fly rN+}
   (You found it on level 2 of the Dungeon)

   rN+:       It protects you from negative energy.
   Fly:       It grants you flight.
 g - a scarf of resistance (worn)
Jewellery
 b - an amulet of faith (around neck)
Wands
 h - a wand of light (1)
Potions
 c - a potion of mutation
 j - a potion of might
 k - 2 potions of curing
 m - a potion of resistance
 n - a potion of enlightenment

Dungeon Overview and Level Annotations

Branches:
Dungeon (5/15)             Temple (0/1) D:5

Altars:
Makhleb
Ru
Xom

Annotations:
D:3 2 transporters
D:5 Eustachio


Message History

Enter note:
Enter note:
3521 ||| RETREEEEATING.
Your surroundings suddenly seem different.
Found a staircase to the Ecumenical Temple.
Autopickup is now on.
3522 ||| PLANNING TEMPLE
3522 ||| FLEEEEING.
Found a potion of magic.
You shoot an arrow. The arrow closely misses the bat.
You shoot an arrow. The arrow closely misses the bat.
The bat hits you but does no damage.
You shoot an arrow. The arrow barely misses the bat.
The bat barely misses you.
You shoot an arrow. The arrow closely misses the bat.
The bat hits you but does no damage.
You shoot an arrow. The arrow misses the bat.
The bat barely misses you.
You shoot an arrow. The arrow hits the bat!
You kill the bat!
The bat's corpse disappears in a puff of smoke!
You shoot an arrow.
The arrow hits the orc warrior but does no damage.
The orc warrior is heavily wounded.
The orc warrior barely misses you. x2
You shoot an arrow.
The arrow barely misses the orc warrior.
The arrow barely misses the orc.
The orc warrior hits you but does no damage.
You shoot an arrow.
The arrow hits the orc warrior but does no damage.
The orc warrior is heavily wounded.
The orc warrior hits you but does no damage.
You shoot an arrow.
The arrow closely misses the orc warrior.
The orc shouts!
The arrow hits the orc wizard.
The orc wizard is moderately wounded.
The orc warrior hits you from afar with a +0 halberd!
You die...

..........o.....##
#..........5.#..>.. #.
#.}.#.......o..b.#.....
..###...###........#{#.#...
.
...................#@#.##..
.. .}..>..}...o.....r.5..#..
#.. ........ooo....~~~~~..##
##.. #...###..<....~###~...#
..... #.}.#.@.r......+
#~....
#....#...#.........~###~....
#............##...~~~~~....
#..#####.....#....##.......
#.# ......# ......... .
......## ...#...#..
..!##...# .###.^.##. .##.
##...# .##.....#. .. ..
.#... ........#.


You could see an orc warrior, 2 orc wizards, a river rat (summoned) and 2 orcs.

Vanquished Creatures
  A hornet (D:5)
  Sigmund (D:5)
  An ogre (D:4)
  A hound (D:4)
  2 orc priests (D:3)
  A bombardier beetle (D:4)
  3 iron imps (D:3)
  3 iguanas (D:4)
  Terence (D:3)
  An orc wizard (D:5)
  A mummy (D:4)
  3 adders
  A ribbon worm (D:3)
  4 dart slugs
  7 orcs
  3 bats
  12 endoplasms
  4 giant cockroaches
  6 hobgoblins
  4 kobolds
  2 quokkas
  5 ball pythons
  14 frilled lizards
  4 goblins
  2 hobgoblin zombies (D:4)
  A kobold zombie (D:4)
  An orc zombie (D:4)
  5 rats
94 creatures vanquished.

Notes
Turn   | Place    | Note
-------+----------+-------------------------------------------
     0 | D:1      | qw the Gargoyle Hunter began the quest for the Orb.
     0 | D:1      | Reached XP level 1. HP: 12/12 MP: 1/1
     0 | D:1      | 0 ||| qw: Version: 0.3-a-132-g3d54051
     0 | D:1      | 0 ||| qw: Game counter: 183
     0 | D:1      | 0 ||| qw: Melee chars always use a shield: true
     0 | D:1      | 0 ||| qw: God list: Okawaru
     0 | D:1      | 0 ||| qw: Allow faded altars: false
     0 | D:1      | 0 ||| qw: Do Orc after clearing Dungeon:15 true
     0 | D:1      | 0 ||| qw: Do second Lair branch before Depths: true
     0 | D:1      | 0 ||| qw: Lair rune preference: random
     0 | D:1      | 0 ||| qw: Goals: Normal
     0 | D:1      | 0 ||| PLANNING D:1-11
   187 | D:1      | Reached XP level 2. HP: 10/17 MP: 2/2
   631 | D:1      | 631 ||| UPGRADING to +0 cloak.
   636 | D:1      | 636 ||| READING scroll labelled WUGYOPHOST.
   637 | D:1      | 637 ||| READING scroll labelled USCHINLOVEDGH.
   637 | D:1      | 637 ||| IDENTIFYING scroll labelled AGIC SABIO
   638 | D:1      | 638 ||| READING scroll labelled UPHOXE ROMUQUZ.
   638 | D:1      | 638 ||| ENCHANTING +0 shortbow.
   639 | D:1      | 639 ||| DROPPING scroll of butterflies.
   640 | D:1      | 640 ||| DROPPING scroll of silence.
   678 | D:2      | Reached XP level 3. HP: 21/21 MP: 3/3
   703 | D:2      | Identified the +2 ring mail "Guku" {Fly rN+}
   727 | D:2      | Found a faded altar of an unknown god.
   754 | D:2      | Found a shimmering altar of Xom.
   786 | D:2      | 786 ||| FLEEEEING.
   792 | D:2      | 792 ||| STAIRDANCE
   812 | D:1      | 812 ||| UPGRADING to +2 ring mail "Guku" {Fly rN+}.
   822 | D:1      | 822 ||| DROPPING +0 leather armour.
  1014 | D:2      | Reached skill level 1 in Armour
  1185 | D:2      | Reached skill level 5 in Ranged Weapons
  1503 | D:2      | 1503 ||| DRINKING 2 bubbling clear potions.
  1503 | D:2      | Gained mutation: You are agile. (Dex +4, Str/Int -1)
                  | [potion of mutation]
  1503 | D:2      | Gained mutation: You are covered in fur. (AC +1) [potion of
                  | mutation]
  1503 | D:2      | Gained mutation: Your mind is acute. (Int +4, Str/Dex -1)
                  | [potion of mutation]
  1503 | D:2      | Gained mutation: You are partially covered in iridescent
                  | scales. (AC +2) [potion of mutation]
  1639 | D:3      | Reached XP level 4. HP: 27/27 MP: 4/4
  1693 | D:3      | Reached skill level 3 in Fighting
  1765 | D:3      | Found a transporter.
  1769 | D:3      | Found a transporter.
  1832 | D:3      | HP: 6/28 [orc priest/+0 flail (3)]
  1836 | D:3      | HP: 1/28 [orc priest/+0 flail (3)]
  1838 | D:3      | Reached XP level 5. HP: 2/32 MP: 5/5
  2143 | D:3      | Found a burning altar of Makhleb.
  2164 | D:3      | Reached skill level 6 in Ranged Weapons
  2210 | D:3      | Noticed Terence
  2222 | D:3      | Killed Terence
  2223 | D:3      | Reached XP level 6. HP: 29/38 MP: 6/6
  2223 | D:3      | 2223 ||| FLEEEEING.
  2362 | D:3      | 2362 ||| READING 3 scrolls of identify.
  2362 | D:3      | 2362 ||| IDENTIFYING green potion
  2363 | D:3      | 2363 ||| READING 2 scrolls of identify.
  2363 | D:3      | 2363 ||| IDENTIFYING emerald potion
  2364 | D:3      | 2364 ||| READING scroll of identify.
  2364 | D:3      | 2364 ||| IDENTIFYING yellow potion
  2365 | D:3      | 2365 ||| READING 2 scrolls labelled GEGHUPT OSCHIS.
  2366 | D:3      | 2366 ||| FLEEEEING.
  2370 | D:3      | 2370 ||| READING scroll labelled CAVULE XAITU.
  2371 | D:3      | 2371 ||| DRINKING 3 blue potions.
  2372 | D:3      | 2372 ||| DROPPING potion of magic.
  2373 | D:3      | 2373 ||| DROPPING potion of berserk rage.
  2374 | D:3      | 2374 ||| DROPPING 2 potions of invisibility.
  2515 | D:4      | Found a sacrificial altar of Ru.
  2769 | D:4      | 2769 ||| FLEEEEING.
  2834 | D:4      | Reached skill level 7 in Ranged Weapons
  2834 | D:4      | Reached XP level 7. HP: 22/43 MP: 7/7
  2834 | D:4      | 2834 ||| FLEEEEING.
  3013 | D:4      | 3013 ||| FLEEEEING.
  3259 | D:4      | 3259 ||| FLEEEEING.
  3376 | D:4      | 3376 ||| UPGRADING to scarf of resistance.
  3386 | D:4      | 3386 ||| UPGRADING to amulet of faith.
  3391 | D:4      | 3391 ||| READING 2 scrolls of identify.
  3391 | D:4      | 3391 ||| IDENTIFYING metallic black potion
  3392 | D:4      | 3392 ||| READING scroll of identify.
  3392 | D:4      | 3392 ||| IDENTIFYING murky orange potion
  3393 | D:4      | 3393 ||| READING scroll labelled WEURCH DEDWITE.
  3394 | D:4      | 3394 ||| DRINKING 2 fuming golden potions.
  3447 | D:5      | Entered Level 5 of the Dungeon
  3450 | D:5      | Noticed Sigmund
  3451 | D:5      | 3451 ||| ZAPPING wand of light (9) at 1,-1 (Sigmund;
                  | floor).
  3452 | D:5      | 3452 ||| ZAPPING wand of light (8) at 1,-1 (Sigmund;
                  | floor).
  3453 | D:5      | 3453 ||| ZAPPING wand of light (7) at 1,-1 (Sigmund;
                  | floor).
  3454 | D:5      | 3454 ||| ZAPPING wand of light (6) at 1,-1 (Sigmund;
                  | floor).
  3454 | D:5      | Killed Sigmund
  3455 | D:5      | Reached skill level 8 in Ranged Weapons
  3490 | D:5      | Noticed a hornet
  3491 | D:5      | 3491 ||| RETREEEEATING.
  3492 | D:5      | 3492 ||| RETREEEEATING.
  3494 | D:5      | 3494 ||| RETREEEEATING.
  3495 | D:5      | 3495 ||| RETREEEEATING.
  3495 | D:5      | Noticed Eustachio
  3496 | D:5      | 3496 ||| RETREEEEATING.
  3498 | D:5      | 3498 ||| RETREEEEATING.
  3499 | D:5      | 3499 ||| RETREEEEATING.
  3500 | D:5      | 3500 ||| RETREEEEATING.
  3501 | D:5      | 3501 ||| RETREEEEATING.
  3502 | D:5      | 3502 ||| RETREEEEATING.
  3503 | D:5      | 3503 ||| RETREEEEATING.
  3504 | D:5      | 3504 ||| ZAPPING wand of light (5) at 0,-1 (hornet; floor).
  3505 | D:5      | 3505 ||| ZAPPING wand of light (4) at 0,-1 (hornet; floor).
  3506 | D:5      | 3506 ||| ZAPPING wand of light (3) at 0,-1 (hornet; floor).
  3507 | D:5      | 3507 ||| ZAPPING wand of light (2) at 0,-1 (hornet; floor).
  3507 | D:5      | Killed a hornet
  3508 | D:5      | Reached skill level 3 in Dodging
  3508 | D:5      | Reached XP level 8. HP: 36/48 MP: 8/8
  3515 | D:5      | HP: 8/48 [orc warrior/+0 halberd (13)]
  3516 | D:5      | 3516 ||| READING 2 scrolls of teleportation.
  3517 | D:5      | 3517 ||| RETREEEEATING.
  3518 | D:5      | 3518 ||| RETREEEEATING.
  3519 | D:5      | 3519 ||| READING scroll of teleportation.
  3520 | D:5      | 3520 ||| RETREEEEATING.
  3521 | D:5      | 3521 ||| RETREEEEATING.
  3521 | D:5      | Found a staircase to the Ecumenical Temple.
  3522 | D:5      | 3522 ||| PLANNING TEMPLE
  3522 | D:5      | 3522 ||| FLEEEEING.
  3536 | D:5      | Slain by an orc warrior

Levels and vault maps discovered:
D:1:      lemuel_arrival_muddy, layout_loops_ring, chequers_garden
D:2:      layout_basic, shapermc_ecumenical_altar_totnotflames, basic_altar
D:3:      gammafunk_steamed_eel, layout_basic, demons_altar, minmay_lizard_king,
          uniq_terence
D:4:      layout_gridville, nicolae_ru_path_of_blood, minmay_mini_ossuary
D:5:      layout_cave_pools, kennysheep_mini_moat, led_sif_book,
          minmay_temple_entry_junction_2, uniq_eustachio, uniq_sigmund,
          uniq_blork_the_orc

Skill      XL: |  1  2  3  4  5  6  7 |
---------------+----------------------+-----
Armour         | 1 |  1.3
Ranged Weapons | 5 6 7 8 |  8.2
Fighting       | 3 4 |  4.2
Dodging        | 3 |  3.4
Stealth        | |  1.1

Action                     |  1- 3 |  4- 6 |  7- 9 || total
---------------------------+-------+-------+-------++-------
   Fire: Shortbow          |   104 |   173 |    64 ||   341
  Evoke: Wand              |       |       |     8 ||     8
    Use: Scroll            |     3 |     5 |     5 ||    13
         Potion            |     1 |     1 |     1 ||     3
 Armour: Leather armour    |     9 |       |       ||     9
         Ring mail         |     5 |    41 |    46 ||    92
  Dodge: Dodged            |    18 |    39 |    20 ||    77

Table legend:
 A = Non-vault XP
 B = Vault XP
 C = Vault XP percentage of total XP
 D = Non-vault monster count
 E = Vault monster count
 F = Vault count percentage of total count
                 A         B        C        D         E       F
            +---------+---------+-------+---------+---------+-------
      Total |     885 |     400 |  31.1 |      74 |      20 |  21.3
            +---------+---------+-------+---------+---------+-------
        D:1 |      31 |       0 |   0.0 |      19 |       0 |   0.0
        D:2 |      40 |       0 |   0.0 |      16 |       0 |   0.0
        D:3 |     117 |     164 |  58.4 |      17 |      14 |  45.2
        D:4 |     366 |      22 |   5.7 |      20 |       5 |  20.0
        D:5 |     331 |     214 |  39.3 |       2 |       1 |  33.3
            +---------+---------+-------+---------+---------+-------
